 Dungeon Sprint DCSS version 0.28.0-53-g5a82cb258f (webtiles) character file.

Game seed: 10539596515971476127

1 Zeld the Conjurer (level 1, -1/10 HPs)
             Began as a Deep Elf Conjurer on June 6, 2022.
             Was an Initiate of Sif Muna.
             Slain by a gnoll
             ... wielding a +2 vorpal spear
              (11 damage)
             ... in the Dungeon (Sprint VII: "The Pits").
             The game lasted 00:00:24 (218 turns).

Zeld the Conjurer (Deep Elf Conjurer)                Turns: 218, Time: 00:00:24

Health: -1/10      AC:  2    Str:  4    XL:     1   Next: 16%
Magic:  6/6        EV: 12    Int: 22    God:    Sif Muna [......]
Gold:   0          SH:  0    Dex: 13    Spells: 5/6 levels left

rFire   . . .      SeeInvis .   a - +2 quarterstaff
rCold   . . .      Faith    .   (shield currently unavailable)
rNeg    . . .      Spirit   .   h - +0 robe
rPois   .          Reflect  .   (no helmet)
rElec   .          Harm     .   (no cloak)
rCorr   .          Rampage  .   (no gloves)
Will    .....      NoTele   +   (no boots)
Stlth   ++........              (no amulet)
HPRegen 0.03/turn               (no ring)
MPRegen 0.10/turn               (no ring)

@: no status effects
A: no striking features
a: Renounce Religion


You were in the Dungeon.
You worshipped Sif Muna.
Sif Muna was noncommittal.
You visited 1 branch

Inventory:

Hand Weapons
 a - a +2 quarterstaff (weapon)
Armour
 h - a +0 robe (worn)
Scrolls
 g - a scroll of blinking
 j - 5 scrolls of amnesia
 k - a scroll of summoning
Potions
 b - a potion of curing
 c - a potion of heal wounds
 d - a potion of haste
 e - 4 potions of magic
 f - 3 potions of berserk rage
 i - 2 potions of invisibility


   Skills:
 + Level 0.0 Staves
 - Level 2.4 Dodging
 - Level 2.4 Stealth
 + Level 3.1 Spellcasting
 + Level 4.4 Conjurations
 * Level 1.1 Hexes
 * Level 1.0 Translocations
 + Level 0.4 Invocations


You had 5 spell levels left.
You knew the following spells:

 Your Spells              Type           Power      Damage    Failure   Level
a - Magic Dart            Conj           92%        1d7       1%          1

Your spell library contained the following spells:

 Spells                   Type           Power      Damage    Failure   Level
 Searing Ray              Conj           46%        2d6       3%          2
 Dazzling Flash           Conj/Hex       30%        N/A       12%         3
 Fulminant Prism          Conj/Hex       7%         3d7       36%         4
 Iskenderun's Mystic Bla  Conj/Tloc      15%        2d5       36%         4


Dungeon Overview and Level Annotations

Branches:
Dungeon (1/1)

Altars:
Ashenzari
Cheibriados
Dithmenos
Elyvilon
Fedhas
Gozag
Hepliaklqana
Kikubaaqudgha
Makhleb
Nemelex Xobeh
Okawaru
Qazlal
Ru
Sif Muna
Trog
Uskayaw
Vehumet
Wu Jian
Xom
Yredelemnul
Zin
The Shining One
Beogh
Jiyva
Lugonu


Message History

Things that are here:
a +2 quarterstaff; a +2 trident
Okay, then.
h - a +2 quarterstaff
h - a +2 quarterstaff (weapon)
Adjust to which letter? (? for menu, Esc to quit)
a - a +2 quarterstaff (weapon);
h - a +0 robe (worn)
Setting a skill training target for Staves at 14.0.
Things that are here:
a +2 falchion; a +2 dagger
Things that are here:
a +2 mace; a +2 hand axe You open the door.
Found 2 potions of magic, 10 stones and 2 scrolls of vulnerability.
There is an open door here.
Magic restored.
e - 4 potions of magic (gained 2)
f - 3 potions of berserk rage (gained 2)
i - 2 potions of invisibility You see here 10 stones.
j - 5 scrolls of amnesia;
k - a scroll of summoning You see here 2 scrolls of vulnerability.
You see here 10 stones.
There is an open door here.
Things that are here:
a +2 mace; a +2 hand axe
Things that are here:
a +2 falchion; a +2 dagger You see here a +2 trident.
There is an open door here.
You start waiting.
Done waiting.
You start waiting.
You start waiting.
You open the door.
A gnoll comes into view. It is wielding a +2 vorpal spear.
The gnoll shouts!
The gnoll hits you from afar with a +2 vorpal spear!
Ouch! That really hurt!
You die...

############
#_________.#
#_________.#
#_______.).###########++
##########'##...........
#.?(.')))'.##......#..#
##########.##..........
#......@....'...........
#+#####'#####......#..#.
#.g# #........... +..+
####'#####+ ####
#.......# #.......#
#.......# #...<...#
#.......#


You could see a gnoll.

Vanquished Creatures
  A goblin (D)
1 creature vanquished.

Notes
Turn   | Place    | Note
-------+----------+-------------------------------------------
     0 | D        | Zeld the Deep Elf Conjurer began the quest for the Orb.
     0 | D        | Reached XP level 1. HP: 10/10 MP: 6/6
    16 | D        | Found a bloodstained altar of Trog.
    16 | D        | Found a shimmering blue altar of Sif Muna.
    16 | D        | Found a viscous altar of Jiyva.
    16 | D        | Found a hazy altar of Hepliaklqana.
    16 | D        | Found an opulent altar of Gozag.
    17 | D        | Found a glowing golden altar of the Shining One.
    17 | D        | Found a glowing silver altar of Zin.
    17 | D        | Found a basalt altar of Yredelemnul.
    17 | D        | Found a shimmering altar of Xom.
    17 | D        | Found an ornate altar of the Wu Jian Council.
    17 | D        | Found a sacrificial altar of Ru.
    17 | D        | Found a stormy altar of Qazlal.
    17 | D        | Found an iron altar of Okawaru.
    17 | D        | Found a sparkling altar of Nemelex Xobeh.
    17 | D        | Found a burning altar of Makhleb.
    17 | D        | Found a blossoming altar of Fedhas.
    17 | D        | Found a white marble altar of Elyvilon.
    17 | D        | Found a shadowy altar of Dithmenos.
    17 | D        | Found a snail-covered altar of Cheibriados.
    18 | D        | Found a radiant altar of Vehumet.
    18 | D        | Found a corrupted altar of Lugonu.
    19 | D        | Found an ancient bone altar of Kikubaaqudgha.
    19 | D        | Found a hide-covered altar of Uskayaw.
    19 | D        | Found a broken altar of Ashenzari.
    20 | D        | Became a worshipper of Sif Muna the Loreminder
    23 | D        | Reached skill level 1 in Hexes
    23 | D        | Reached skill level 1 in Translocations
   218 | D        | Slain by a gnoll

Illustrated notes

Levels and vault maps discovered:
D:        pitsprint [storerooms_1, entrance_room_1, metal_vault_2, armoury_2,
          mini_pit_1, grid_room_1, main_hall_1, silver_pit, the_coven_3,
          the_vestibule_1, steel_vault_2, golden_pit, hallway_of_sentries,
          crystal_vault_6, iron_vault_5, final_vault]

Skill      XL: |  1 |
---------------+----+-----
Hexes          | 1 |  1.1
Translocations | 1 |  1.0
Dodging        | |  2.4
Stealth        | |  2.4
Spellcasting   | |  3.1
Conjurations   | |  4.4
Invocations    | |  0.4

Action                   || total
-------------------------++-------
 Cast: Magic Dart        ||     2
